 Dungeon Crawl Stone Soup version 0.21.0-25-ge575cb9 (webtiles) character file.

74 Lanoc the Insei (level 4, 0/28 HPs)
             Began as an Octopode Transmuter on Jan 24, 2018.
             Slain by Terence
             ... wielding a +3 mace of protection
              (7 damage)
             ... on level 2 of the Dungeon.
             The game lasted 00:04:18 (1763 turns).

Lanoc the Insei (Octopode Transmuter)               Turns: 1763, Time: 00:04:19

Health: 0/28       AC:  1    Str:  9    XL:     4   Next: 30%
Magic:  7/7        EV: 13    Int: 16    God:
Gold:   57         SH:  0    Dex: 12    Spells: 1/7 levels left

rFire    . . .     SeeInvis .     - Unarmed
rCold    . . .     Gourm    .   (no shield)
rNeg     . . .     Faith    .   (helmet restricted)
rPois    .         Spirit   .   (no amulet)
rElec    .         Reflect  .   (no ring)
rCorr    .         Harm     .   (no ring)
MR       .....                  (no ring)
Stlth    ++........             (no ring)
HPRegen  0.09/turn              (no ring)
MPRegen  0.10/turn              (no ring)
                                (no ring)
                                (no ring)

@: no status effects
A: almost no armour, stealthy swim, amphibious, 8 rings, constrict 8, camouflage
1, gelatinous body 1
a: no special abilities


You were on level 2 of the Dungeon.
You were not hungry.

You visited 1 branch of the dungeon, and saw 2 of its levels.

You collected 57 gold pieces.

Inventory:

Missiles
 a - 56 arrows
Scrolls
 e - 3 scrolls of identify {unknown}
 f - 2 scrolls of teleportation {unknown}
 g - a scroll of noise {unknown}
 h - a scroll of blinking {unknown}
Potions
 d - 3 potions of curing {unknown}
 i - a potion of haste {unknown}
 j - a potion of agility {unknown}
Books
 b - a book of Changes

   Spells                             Type                      Level
   a - Beastly Appendage              Transmutation                1
   b - Sticks to Snakes               Transmutation                2
   c - Spider Form                    Transmutation/Poison         3
   d - Ice Form                       Ice/Transmutation            4
   e - Blade Hands                    Transmutation                5
Comestibles
 c - 4 rations


   Skills:
 + Level 1.5 Fighting
 + Level 2.4 Dodging
 * Level 3.6 Unarmed Combat
 + Level 2.3 Spellcasting
 * Level 3.0 Transmutations


You had one spell level left.
You knew the following spells:

 Your Spells              Type           Power        Failure   Level  Hunger
a - Beastly Appendage     Tmut           ##....       6%          1    #......
b - Sticks to Snakes      Tmut           ##......     9%          2    ###....
c - Spider Form           Tmut/Pois      #.........   32%         3    ###....


Dungeon Overview and Level Annotations

Branches:
Dungeon (2/15)

Altars:
The Shining One

Annotations:
D:2 Terence


Innate Abilities, Weirdness & Mutations

You cannot wear most types of armour.
You are very stealthy in the water. (Stealth+)
You are amphibious.
You can wear up to eight rings at the same time.
You can use your tentacles to constrict eight enemies at once.
Your skin changes colour to match your surroundings (Stealth+).
Your rubbery body absorbs attacks. (AC +1, EV +1)


Message History

You constrict Terence, but do no damage.
Terence hits you with a mace of protection.
You tentacle-slap Terence.
You pierce Terence, but do no damage.
Terence is moderately wounded.
You constrict Terence.
Terence hits you with a mace of protection.
* * * LOW HITPOINT WARNING * * *
You tentacle-slap Terence but do no damage.
Terence is heavily wounded.
You constrict Terence. You tentacle-slap Terence.
Terence is heavily wounded.
Your tentacle spike disappears.
You constrict Terence, but do no damage.
Terence completely misses you.
You tentacle-slap Terence but do no damage.
Terence is heavily wounded.
You constrict Terence, but do no damage.
Terence hits you with a mace of protection!
You die...

..##.############..)####.#.#####.
..##.# ........................
..##.# ###############.#.######
.###.# #.........[...# .'...#
#####.............# .#####
..................# .#
........?.........# .#
..................# .#
......†@..........# .#
......@.#########># ## ........#
### ........# ........# ........#
........# .%......#


You could see Terence.

Vanquished Creatures
  3 adders (D:2)
  An ooze (D:1)
  A worm (D:2)
  A dart slug (D:1)
  A leopard gecko (D:2)
  3 bats (D:1)
  2 giant cockroaches (D:1)
  10 goblins
  5 hobgoblins
  4 kobolds
  A frilled lizard (D:1)
  5 rats
37 creatures vanquished.

Notes
Turn   | Place    | Note
-------+----------+-------------------------------------------
     0 | D:1      | Lanoc the Octopode Transmuter began the quest for the Orb.
     0 | D:1      | Reached XP level 1. HP: 13/13 MP: 3/3
   147 | D:1      | Reached XP level 2. HP: 18/18 MP: 3/5
   205 | D:1      | Learned a level 2 spell: Sticks to Snakes
   656 | D:1      | Reached XP level 3. HP: 23/23 MP: 4/6
  1539 | D:2      | Learned a level 3 spell: Spider Form
  1545 | D:2      | Reached XP level 4. HP: 25/28 MP: 5/7
  1677 | D:2      | Found a glowing golden altar of the Shining One.
  1751 | D:2      | Noticed Terence
  1763 | D:2      | Slain by Terence

Skill      XL: |  1  2  3  4 |
---------------+-------------+-----
Transmutations | 3 |  3.0
Fighting       | |  1.5
Dodging        | |  2.4
Unarmed Combat | |  3.6
Spellcasting   | |  2.3

Action                   |  1- 3 |  4- 6 || total
-------------------------+-------+-------++-------
Melee: Unarmed           |    58 |    22 ||    80
       Kick              |    22 |     4 ||    26
       Constrict         |    20 |     4 ||    24
       Tentacles         |     7 |     3 ||    10
       Punch             |       |     1 ||     1
 Cast: Beastly Appendage |    19 |     4 ||    23
 Stab: Sleeping          |     3 |     1 ||     4
  Eat: Chunk             |     2 |     1 ||     3
Armor: Skin              |     5 |     1 ||     6
Dodge: Dodged            |    32 |     8 ||    40
